 Dungeon Crawl Stone Soup version 0.14.0-18-g0341e45 (webtiles) character file.

426 BlackAndWhite the Gusty (level 5, -5/42 HPs)
             Began as a Demigod Air Elementalist on Apr 20, 2014.
             Slain by Duvessa
             ... wielding a +0,+0 cutlass
              (13 damage)
             ... on Level 4 of the Dungeon.
             The game lasted 00:11:01 (4975 turns).

BlackAndWhite the Gusty (Demigod Air Elementalist)  Turns: 4975, Time: 00:11:02

HP  -5/42        AC  3     Str 13      XL: 5   Next: 38%
MP   1/12        EV 13     Int 19      God:
Gold 205         SH  0     Dex 17      Spells:  4 memorised,  1 level left

rFire  . . .     SeeInvis .     y - +0 morningstar
rCold  . . .     Clarity  .     o - +0 robe (curse)
rNeg   . . .     Conserve .     (no shield)
rPois  .         rCorr    .     (no helmet)
rElec  .         rRot     .     (no cloak)
SustAb . .       Spirit   .     (no gloves)
rMut   .         Warding  .     l - +0 pair of boots
Saprov . . .     Stasis   .     (no amulet)
MR     .....                    (no ring)
                                (no ring)

@: repel missiles, very slightly contaminated, quick, not resistant to hostile
enchantments, fairly stealthy
A: no striking features
a: no special abilities


You were on level 4 of the Dungeon.
You were not hungry.

You visited 1 branch of the dungeon, and saw 4 of its levels.
You also visited: Sewer.

You collected 205 gold pieces.

Inventory:

Hand weapons
 e - a +2,+2 anti-magic short sword
 j - a +0,+0 dagger
 x - a +0,+0 short sword
 y - a +0,+0 morningstar (weapon)
Missiles
 v - 18 arrows
Armour
 a - a +0 robe
 l - a +0 pair of boots (worn)
 o - a cursed +0 robe (worn)
Comestibles
 c - 3 bread rations
 t - a choko
Scrolls
 f - 6 scrolls of identify {unknown}
 g - a scroll of magic mapping {unknown}
 h - 2 scrolls of recharging {unknown}
 i - 2 scrolls of blinking {unknown}
 k - a scroll of noise {unknown}
 q - 4 scrolls of teleportation {unknown}
 u - a scroll of random uselessness {unknown}
 w - a scroll of fear {unknown}
Jewellery
 m - an uncursed ring of ice
Potions
 d - 2 potions of degeneration {unknown}
 n - a potion of heal wounds {unknown}
 p - a potion of brilliance {unknown}
 s - a potion of restore abilities {unknown}
 z - 3 potions of haste {unknown}
 A - 2 potions of invisibility {unknown}
 B - 3 potions of flight {unknown}
 C - 2 potions of paralysis {unknown}
Books
 b - a book of Air

   Spells                             Type                      Level
   *Shock                             Conjuration/Air              1
   *Swiftness                         Charms/Air                   2
   *Repel Missiles                    Charms/Air                   2
   *Flight                            Charms/Air                   3
   Static Discharge                   Conjuration/Air              3
   Lightning Bolt                     Conjuration/Air              5


   Skills:
 + Level 2.4 Fighting
 + Level 2.6 Dodging
 - Level 1.7 Stealth
 + Level 2.7 Spellcasting
 + Level 1.9 Conjurations
 + Level 3.5 Air Magic


You had one spell level left.
You knew the following spells:

 Your Spells              Type           Power        Failure   Level  Hunger
a - Shock                 Conj/Air       ##..         8%          1    None
b - Swiftness             Chrm/Air       #.......     14%         2    ##.....
c - Repel Missiles        Chrm/Air       #.....       14%         2    ##.....
d - Flight                Chrm/Air       #.........   28%         3    ###....


Dungeon Overview and Level Annotations

Branches:
Dungeon (4/15)
 Temple: D:4-7

Annotations:
D:4 Dowan, Duvessa


Message History

Press: ? - help, Shift-Dir - straight line, f - Duvessa
Aim: Duvessa, wielding a cutlass (heavily wounded, moving very quickly)
The zap misses Duvessa.
Duvessa hits you with a cutlass!
Casting: Shock
Confirm with . or Enter, or press ? or * to list all spells.
Aiming: Shock
Press: ? - help, Shift-Dir - straight line, f/p - Duvessa
Aim: Duvessa, wielding a cutlass (heavily wounded, moving very quickly)
The zap hits Duvessa.
Duvessa is heavily wounded.
Duvessa hits you with a cutlass.
* * * LOW HITPOINT WARNING * * *
Duvessa hits you with a cutlass.
* * * LOW HITPOINT WARNING * * *
Drink which item? (? for menu, Esc to quit)
You feel better. Duvessa hits you with a cutlass!
* * * LOW HITPOINT WARNING * * *
Drink which item? (? for menu, Esc to quit)
You feel better. Duvessa hits you with a cutlass!
You die...

#.# ..
####.######
....#...%%....#
......<.......#
...##.........#
#.........#
#.........#
#.........#
#######@### #e#
#.# #.# #.# #'#
..e .....
.......


You could see Duvessa and Dowan.

Vanquished Creatures
  Ijyb (D:2)
  6 adders
  3 giant mites
  5 worms
  3 giant geckos
  4 oozes (Sewer)
  6 orcs (D:3)
  5 ball pythons
  6 giant cockroaches
  7 hobgoblins
  4 jackals (Sewer)
  15 bats
  10 giant newts
  6 goblins
  6 kobolds
  12 rats
99 creatures vanquished.

Notes
Turn   | Place    | Note
--------------------------------------------------------------
     0 | D:1      | BlackAndWhite, the Demigod Air Elementalist, began the quest for the Orb.
     0 | D:1      | Reached XP level 1. HP: 14/14 MP: 3/3
   133 | D:1      | Reached skill level 1 in Conjurations
   781 | D:1      | Reached XP level 2. HP: 22/22 MP: 2/4
   872 | D:1      | Reached skill level 1 in Fighting
  1375 | D:2      | Noticed Ijyb
  1387 | D:1      | Learned a level 2 spell: Swiftness
  1390 | D:1      | Learned a level 2 spell: Repel Missiles
  1417 | D:2      | Killed Ijyb
  1417 | D:2      | Reached skill level 3 in Air Magic
  1417 | D:2      | Reached XP level 3. HP: 18/28 MP: 2/8
  2387 | D:3      | Reached XP level 4. HP: 8/35 MP: 0/10
  2716 | D:3      | Found a glowing drain.
  2839 | Sewer    | Entered a sewer
  3468 | Sewer    | Learned a level 3 spell: Flight
  3762 | Sewer    | Reached XP level 5. HP: 15/41 MP: 3/12
  4264 | D:3      | Found a glowing golden altar of the Shining One.
  4958 | D:4      | Noticed Duvessa
  4958 | D:4      | Noticed Dowan
  4974 | D:4      | HP: 2/42 [Duvessa/cutlass (12)]
  4975 | D:4      | Slain by Duvessa

Action                   |  1- 3 |  4- 6 || total
-------------------------+-------+-------++-------
Melee: Unarmed           |    29 |       ||    29
       Short sword       |    18 |    56 ||    74
       Dagger            |    18 |       ||    18
 Cast: Shock             |    98 |   170 ||   268
       Repel Missiles    |       |     1 ||     1
       Flight            |       |     1 ||     1
       Swiftness         |       |     1 ||     1
  Use: Potion            |       |     3 ||     3
